[Event "*** Titled Tuesday Blitz"]
[Site "Chess.com"]
[Date "2019.07.02"]
[Round "3"]
[White "WPWPWP-2015"]
[Black "Alopekos"]
[Result "1-0"]
[WhiteElo "2390"]
[BlackElo "2451"]
[TimeControl "180+2"]
[EndTime "13:39:02 PDT"]
[Termination "WPWPWP-2015 won by resignation"]

1. e4 c5 2. Nf3 e6 3. d4 cxd4 4.
Nxd4 Nf6 5. Nc3 Bb4 6. e5 Nd5 7. Bd2 Nxc3 8. bxc3 Be7 9. Qg4 O-O 10. Bd3 d6 11. Qe4 g6 12. f4 Nd7 13. Nf3 Qb6 14. h4 h5 15. Nd4 Nc5 16. Qe2 Nxd3+ 17. cxd3 Qc5 18. g4 hxg4 19. h5 Qd5 20. Rg1 gxh5 21. Rxg4+ hxg4 22. Qxg4+ Kh7 23. O-O-O Rg8 24. Qh5+ Kg7 25.
Rg1+ Kf8 26. Qh6+ Ke8 27. Rxg8+ Kd7 28. exd6 Bxd6 29. Qf6 Ba3+ 30. Kb1 Qh1+ 31. Kc2 Kc7 1-0

[Event "*** Titled Tuesday Blitz"]
[Site "Chess.com"]
[Date "2019.07.02"]
[Round "3"]
[White "DoHoChess"]
[Black "axvesik"]
[Result "0-1"]
[WhiteElo "2550"]
[BlackElo "2441"]
[TimeControl "180+2"]
[EndTime "13:39:04 PDT"]
[Termination "axvesik won by resignation"]

1. Nf3 Nf6 2. g3 b6 3. Bg2 Bb7 4. O-O e6 5. c4 c5 6. Nc3 Be7 7. Re1 d5 8. cxd5 Nxd5 9. e4 Nxc3 10. bxc3 O-O 11. d4 cxd4 12. cxd4 Nc6 13. Bf4 Na5 14.
Ne5 Rc8 15. d5 exd5 16. exd5 Bd6 17. Qg4 Nc4 18. Bh6 Bxe5 19. Rxe5 Qf6 20. Bxg7 Nxe5 21.
Qxc8 Nf3+ 22. Bxf3 Qxa1+ 23. Bxa1 Rxc8 24. Bf6 Rc2 25. Be4 Rd2 26. Kg2 Bxd5 27. Bxd5 Rxd5 28. f4 Rd2+ 29. Kf3 Rxa2 30. h4 Rc2 31. h5 b5 32.
h6 a5 33. Ke4 b4 34. Kd3 b3 35.
g4 a4 36. g5 a3 37. f5 a2 0-1

[Event "*** Titled Tuesday Blitz"]
[Site "Chess.com"]
[Date "2019.07.02"]
[Round "3"]
[White "kosmeg"]
[Black "GulamaliRises"]
[Result "1-0"]
[WhiteElo "2470"]
[BlackElo "2476"]
[TimeControl "180+2"]
[EndTime "13:39:05 PDT"]
[Termination "kosmeg won by resignation"]

1. d4 Nf6 2. c4 e6 3. g3 c5 4.
Nf3 a6 5. Bg2 b5 6. d5 exd5 7.
cxd5 d6 8. O-O Bb7 9. e4 Nbd7 10. a4 Be7 11. axb5 axb5 12. Rxa8 Bxa8 13. e5 Nxe5 14. Nxe5 dxe5 15. d6 Bxg2 16. dxe7 Qd5 17. Nc3 Qxd1 18. Rxd1 Kxe7 19. Kxg2 b4 20. Nd5+ Ke6 21. Nc7+ Kf5 22. Be3 Rc8 23. Na6 c4 24. Nxb4 c3 25. bxc3 Rxc3 26.
Nd5 Nxd5 27. Rxd5 Ke6 28. Ra5 Rc6 29. g4 g6 30. g5 f5 31. gxf6 Kxf6 32. Kf3 h5 33. h4 Ke6 34. Ra8 Rc7 35. Ra6+ Kf5 36. Bg5 Rc3+ 37. Kg2 1-0

[Event "*** Titled Tuesday Blitz"]
[Site "Chess.com"]
[Date "2019.07.02"]
[Round "3"]
[White "ChessQueen"]
[Black "Keranke"]
[Result "1-0"]
[WhiteElo "2609"]
[BlackElo "2830"]
[TimeControl "180+2"]
[EndTime "13:39:07 PDT"]
[Termination "ChessQueen won by resignation"]

1. e4 g6 2. d4 Bg7 3. Nc3 d6 4.
Be3 a6 5. Nf3 b5 6. a4 b4 7. Nd5 Bb7 8. Nxb4 Bxe4 9. Bd3 Bxd3 10. Nxd3 Nf6 11. O-O O-O 12. Re1 Nc6 13. c3 a5 14. Qc1 Qd7 15. h3 Rfb8 16. Re2 Nd5 17. Qd2 Rb7 18. Bh6 Bh8 19. g4 f5 20. Nh2 Rab8 21. Rae1 e5 22. dxe5 Nxe5 23. f4 Nf7 24.
Bg5 fxg4 25. Nxg4 Qxa4 26. Nc5 dxc5 27. Qxd5 c6 28. Re8+ 1-0

[Event "*** Titled Tuesday Blitz"]
[Site "Chess.com"]
[Date "2019.07.02"]
[Round "3"]
[White "GremioPrudente"]
[Black "dopolian"]
[Result "1/2-1/2"]
[WhiteElo "2226"]
[BlackElo "2343"]
[TimeControl "180+2"]
[EndTime "13:39:14 PDT"]
[Termination "Game drawn by agreement"]

1. Nf3 Nf6 2. d4 c5 3. c3 e6 4. Bg5 h6 5. Bxf6 Qxf6 6. e3 Nc6 7. Nbd2 d5 8. Bd3 Bd6 9. O-O O-O 10. Qe2 Re8 11.
dxc5 Bxc5 12. e4 dxe4 13. Nxe4 Qe7 14. Nxc5 Qxc5 15. Rfe1 e5 16. Be4 Bg4 17. h3 Bh5 18. g4 Bg6 19. Bxg6 fxg6 20. Qe4 Rf8 21. Qe3 Qxe3 22.
Rxe3 Rad8 23. Kg2 g5 24. Rae1 Rf7 25. Nxe5 Nxe5 26. Rxe5 Rd2 27. R5e2 Rfd7 28. Kf1 Kf7 29. Rxd2 Rxd2 30. Re2 Rd1+ 31. Kg2 Kf6 32. Kf3 Rd3+ 33. Kg2 Rd1 34. Kf3 g6 35. Kg2 h5 36. Kf3 Rd3+ 37.
Kg2 Rd1 38. f3 Ra1 39. a3 Rd1 40. Kf2 a6 41. Kg2 Rd3 42. Kf2 Rd1 43. Kg2 1/2-1/2

[Event "*** Titled Tuesday Blitz"]
[Site "Chess.com"]
[Date "2019.07.02"]
[Round "3"]
[White "ecwinslow"]
[Black "AndrewMcStone"]
[Result "0-1"]
[WhiteElo "1981"]
[BlackElo "2151"]
[TimeControl "180+2"]
[EndTime "13:39:14 PDT"]
[Termination "AndrewMcStone won by resignation"]

1. d4 Nf6 2. c4 Nc6 3. Nf3 e6 4. Nc3 Bb4 5. e3 O-O 6. Bd3 d6 7. e4 e5 8. d5 Nd4 9. Nxd4 exd4 10. a3 Ba5 11. b4 dxc3 12. bxa5 Nxe4 13. Bxe4 Re8 14. Qd3 Qe7 15. O-O Qxe4 16. Qxc3 Bf5 17. Bb2 f6 18. Rac1 Qd3 19. h3 Qxc3 20. Rxc3 Re2 21.
Bc1 Rae8 22. Be3 b6 23. axb6 axb6 24. Ra1 Ra8 25. a4 Rc2 26. Rxc2 Bxc2 27. c5 dxc5 28.
Bf4 Rxa4 29. Rc1 Rxf4 30. Rxc2 Rd4 31. Ra2 Rxd5 32. Ra7 Rd7 33. Kf1 Kf7 34. Ke2 c4 35. Ra3 b5 36. Rc3 c5 37. Rc1 Rd4 38. Ke3 b4 39. f4 c3 40. g4 Ke6 41. Ra1 c2 42. Ra7 c1=Q+ 0-1

[Event "*** Titled Tuesday Blitz"]
[Site "Chess.com"]
[Date "2019.07.02"]
[Round "3"]
[White "1d4_1-0"]
[Black "Khanya_Mazibuko"]
[Result "1-0"]
[WhiteElo "2193"]
[BlackElo "2227"]
[TimeControl "180+2"]
[EndTime "13:39:14 PDT"]
[Termination "1d4_1-0 won on time"]

1. d4 Nf6 2. c4 e6 3. g3 d5 4. Nf3 Be7 5. Bg2 O-O 6. O-O dxc4 7. Ne5 c5 8. dxc5 Qc7 9. Nxc4 Qxc5 10. b3 Rd8 11. Qc2 Nc6 12. Ba3 Nb4 13. Qc1 Rb8 14. Nc3 b5 15. Na5 Bd7 16. Nb7 Rxb7 17. Bxb7 Qh5 18.
Bg2 Rc8 19. Qb2 Bc6 20. Bxc6 Rxc6 21. Kg2 Nfd5 22. Bxb4 Nxb4 23. Rfd1 Bf6 24. Ne4 1-0

[Event "*** Titled Tuesday Blitz"]
[Site "Chess.com"]
[Date "2019.07.02"]
[Round "3"]
[White "NM2019"]
[Black "LarissaSteenbekkers"]
[Result "0-1"]
[WhiteElo "2120"]
[BlackElo "1992"]
[TimeControl "180+2"]
[EndTime "13:39:15 PDT"]
[Termination "LarissaSteenbekkers won by resignation"]

1. c4 e5 2. Nc3 Nf6 3. Nf3 Nc6 4. g3 Bb4 5. Bg2 e4 6. Ng5 Bxc3 7. dxc3 Qe7 8. Qc2 O-O 9. Nxe4 Re8 10. Nxf6+ Qxf6 11. O-O d6 12. b4 Ne5 13. Qb3 Be6 14. Bd5 Bxd5 15. cxd5 Ng4 16. h3 Ne5 17. Be3 Qf5 18. Kh2 Qh5 19. c4 Qxe2 20. Rac1 b6 21. Bd4 Nf3+ 22.
Kg2 Nxd4 23. Qc3 Qe4+ 24. f3 Qe2+ 25. Rf2 Qe3 26. Qb2 a5 27. Rd1 Nf5 28. g4 Nh4+ 29. Kg3 Ng6 30. bxa5 Rxa5 31. Rdd2 Qf4+ 32. Kg2 Nh4+ 33.
Kh1 Re1+ 0-1

[Event "*** Titled Tuesday Blitz"]
[Site "Chess.com"]
[Date "2019.07.02"]
[Round "3"]
[White "Alex_Terzi"]
[Black "marcodobrikov"]
[Result "1-0"]
[WhiteElo "2453"]
[BlackElo "2488"]
[TimeControl "180+2"]
[EndTime "13:39:15 PDT"]
[Termination "Alex_Terzi won by resignation"]

1. d4 Nf6 2. Bf4 c5 3. d5 Qb6 4. Nc3 Qxb2 5. Bd2 Qb6 6. e4 d6 7.
f4 Qd8 8. Nf3 a6 9. a4 e6 10.
Bc4 exd5 11. exd5 Be7 12. O-O O-O 13. h3 Re8 14. Rb1 Qc7 15. g4 Nbd7 16. Be1 Nf8 17.
Qd3 Ng6 18. Bg3 Bd7 19. f5 Ne5 20. Nxe5 dxe5 21. d6 Bxd6 22. Nd5 Nxd5 23. Bxd5 Bc6 24. Rfd1 Rad8 25. Bxc6 Qxc6 26. Qd5 Qxd5 27. Rxd5 Re7 28.
Rbd1 Red7 29. Bxe5 Bxe5 30. Rxd7 Rxd7 31. Rxd7 Kf8 32.
Rxb7 a5 33. Kg2 Bc3 34. Kf3 h5 35. gxh5 Ke8 36. Ke4 1-0

[Event "*** Titled Tuesday Blitz"]
[Site "Chess.com"]
[Date "2019.07.02"]
[Round "3"]
[White "theblitzchamp"]
[Black "Zarikovs1999"]
[Result "1-0"]
[WhiteElo "2644"]
[BlackElo "2545"]
[TimeControl "180+2"]
[EndTime "13:39:17 PDT"]
[Termination "theblitzchamp won by resignation"]

1. e4 c5 2. Nf3 d6 3. d4 cxd4 4. Nxd4 Nf6 5. Nc3 a6 6. Bc4 e6 7. Bb3 Be7 8. g4 Nc6 9. g5 Nd7 10. h4 Nc5 11. Be3 Qc7 12. Qe2 Bd7 13. O-O-O O-O-O 14. Kb1 Kb8 15. f4 Nxb3 16. axb3 Nb4 17. Qf2 Rc8 18. Nde2 Bc6 19. Rhf1 d5 20. exd5 Nxd5 21. Nxd5 Bxd5 22. Nc3 Bc5 23. f5 Bxe3 24. Qxe3 Rhd8 25. Rd2 Qc6 26. Qe5+ Ka7 27. Qxg7 exf5 28. Qd4+ Ka8 29. Nxd5 Rd6 30. Nc7+ Rxc7 31. Qxd6 Qb5 32. Re1 Rc8 33. Qd7 Qc5 34. Re8 Rxe8 35. Qxe8+ Ka7 36. Qxf7 Qg1+ 37. Ka2 Qe3 38. Qd5 f4 39. Qd4+ Qxd4 40. Rxd4 f3 41.
Rf4 f2 42. Rxf2 1-0

[Event "*** Titled Tuesday Blitz"]
[Site "Chess.com"]
[Date "2019.07.02"]
[Round "3"]
[White "Semen_Khanin"]
[Black "doons21"]
[Result "1/2-1/2"]
[WhiteElo "2712"]
[BlackElo "2452"]
[TimeControl "180+2"]
[EndTime "13:39:19 PDT"]
[Termination "Game drawn by repetition"]

1. e4 e6 2. d4 d5 3. Bd3 dxe4 4. Bxe4 Nf6 5. Bf3 Nc6 6. Ne2 e5 7. Bxc6+ bxc6 8. dxe5 Qxd1+ 9. Kxd1 Ng4 10. Be3 Nxe3+ 11. fxe3 Bg4 12. h3 O-O-O+ 13. Nd2 Bc5 14. Ke1 Bf5 15.
e4 Bg6 16. Nc3 Rhe8 17. Nf3 Bd4 18. Nxd4 Rxd4 19. Rd1 Rb4 20. b3 Rxe5 21. a3 Rb8 22. Rd4 f5 23. h4 fxe4 24. Rf1 a5 25. g4 h5 26. gxh5 Rxh5 27. Rg1 Bf5 28. Rxg7 Rxh4 29. Na4 Kb7 30. Nc5+ Kb6 31. b4 Rh1+ 32. Kd2 Rh2+ 33. Ke3 Rh3+ 34. Kf4 Rf3+ 35. Kg5 Rg3+ 36. Kxf5 Rxg7 37.
Kxe4 Rg4+ 38. Kd3 Rxd4+ 39. Kxd4 Rd8+ 40. Kc4 axb4 41. axb4 Rh8 42. c3 Rh4+ 43. Kb3 Kb5 44. Ne6 Kb6 45. Nc5 Kb5 46. Ne6 Kb6 47. Nc5 1/2-1/2

[Event "*** Titled Tuesday Blitz"]
[Site "Chess.com"]
[Date "2019.07.02"]
[Round "3"]
[White "Alliswell998"]
[Black "TheBigBadChessDad"]
[Result "0-1"]
[WhiteElo "2385"]
[BlackElo "2282"]
[TimeControl "180+2"]
[EndTime "13:39:19 PDT"]
[Termination "TheBigBadChessDad won by resignation"]

1. e4 e5 2. Nf3 Nf6 3. d4 Nxe4 4. Bd3 d5 5. Nxe5 Nd7 6. Nd2 Nxd2 7. Bxd2 Nxe5 8.
dxe5 Bc5 9. O-O O-O 10. Kh1 f5 11. exf6 Qxf6 12. Qh5 Bf5 13. Bg5 Qxb2 14. Be7 g6 15. Qg5 Bxd3 16. Qxd5+ Rf7 17. Rfb1 Qd4 18. Qxc5 Qxc5 19. Bxc5 Bxc2 20. Rxb7 a5 21. Rc1 Be4 22. Rb3 Bd5 23. Rb2 a4 24. a3 Re8 25. Be3 c6 26.
Rb4 Ra8 27. h4 h5 28. Kh2 Re7 29. Rcb1 Re4 30. Kg3 Rxb4 31. Rxb4 Kf7 32. Rb7+ Ke6 33. Rg7 Be4 34. f3 Bf5 35. Kf4 Bc2 36. Bd2 c5 37. Rxg6+ Bxg6 0-1

[Event "*** Titled Tuesday Blitz"]
[Site "Chess.com"]
[Date "2019.07.02"]
[Round "3"]
[White "TangyTacos"]
[Black "JuliaEfremova"]
[Result "0-1"]
[WhiteElo "1793"]
[BlackElo "1934"]
[TimeControl "180+2"]
[EndTime "13:39:20 PDT"]
[Termination "JuliaEfremova won by resignation"]

1. d4 e5 2. dxe5 Nc6 3. Nf3 Qe7 4.
Nc3 Nxe5 5. e4 d6 6. Be2 Be6 7. Nxe5 dxe5 8. Be3 Rd8 9. Qc1 Nf6 10. O-O Qb4 11. a3 Qe7 12. b4 Qd7 13. Rd1 Qc8 14. Rxd8+ Qxd8 15. Qb2 Be7 16. Rd1 Qb8 17.
Nd5 Bxd5 18. exd5 O-O 19. Qxe5 Bd6 20. Qd4 b6 21. Bf4 Re8 22. Bb5 Re4 23. Qc3 Bxf4 24. Qf3 Bd6 25. c4 a6 26. Bxa6 Qe8 27. g3 Re1+ 28. Rxe1 Qxe1+ 29. Kg2 Qe4 30. Qxe4 Nxe4 31. Kf3 f5 32. Bc8 Nd2+ 33. Ke2 Nxc4 34. Bxf5 Nxa3 0-1

[Event "*** Titled Tuesday Blitz"]
[Site "Chess.com"]
[Date "2019.07.02"]
[Round "3"]
[White "benhal"]
[Black "csati17"]
[Result "1-0"]
[WhiteElo "2384"]
[BlackElo "2526"]
[TimeControl "180+2"]
[EndTime "13:39:22 PDT"]
[Termination "benhal won by resignation"]

1. Nf3 d5 2. g3 Nf6 3. Bg2 Bg4 4.
c4 c6 5. Ne5 Be6 6. cxd5 Bxd5 7. Nf3 Nbd7 8. Nc3 e5 9. Nxd5 cxd5 10. O-O e4 11. Nd4 Qb6 12. Nb3 Nc5 13. Nxc5 Bxc5 14.
b4 Bd4 15. Rb1 O-O 16. e3 Be5 17. d3 Rac8 18. dxe4 dxe4 19. Bb2 Bxb2 20. Rxb2 Rfd8 21. Rd2 Rxd2 22. Qxd2 g6 23. a3 Rd8 24. Qb2 Kg7 25.
Bxe4 a5 26. Bf3 h6 27. Kg2 Rd3 28. Rc1 axb4 29. axb4 h5 30. h4 Rd6 31. Rc8 Qb5 32. Qc3 Re6 33. Rc5 Qd7 34. Rc7 Qa4 35.
Rxb7 Kh6 36. Rxf7 Qa6 37. b5 Qb6 38. Qc8 Ne8 39. Bc6 1-0

[Event "*** Titled Tuesday Blitz"]
[Site "Chess.com"]
[Date "2019.07.02"]
[Round "3"]
[White "rasmussvane"]
[Black "ChainsOfFantasia"]
[Result "1-0"]
[WhiteElo "2884"]
[BlackElo "2462"]
[TimeControl "180+2"]
[EndTime "13:39:24 PDT"]
[Termination "rasmussvane won by resignation"]

1. Nf3 Nf6 2. c4 e6 3. g3 d5 4.
Bg2 Be7 5. O-O O-O 6. Ne5 Nbd7 7. d4 c6 8. Nxd7 Qxd7 9. Qc2 b6 10. Rd1 Bb7 11. b3 Rac8 12. Bb2 Rfd8 13. Nc3 Qe8 14. e4 c5 15. e5 Nd7 16. cxd5 cxd4 17. Rxd4 Nxe5 18. Re1 Bf6 19. Qd1 exd5 20. Nxd5 Bxd5 21.
Rxd5 Rxd5 22. Bxd5 Rd8 23. Bxe5 Bxe5 24. f4 Bd4+ 25.
Kg2 Be3 26. Qf3 Qb5 27. Bc4 Rd2+ 28. Kh1 Qh5 29. Qa8+ 1-0

[Event "*** Titled Tuesday Blitz"]
[Site "Chess.com"]
[Date "2019.07.02"]
[Round "3"]
[White "amylazy"]
[Black "Gubajdullin"]
[Result "0-1"]
[WhiteElo "2404"]
[BlackElo "2605"]
[TimeControl "180+2"]
[EndTime "13:39:25 PDT"]
[Termination "Gubajdullin won by resignation"]

1. d4 d5 2. c4 c6 3. Nf3 Nf6 4. Qc2 g6 5. Bf4 Bg7 6. e3 O-O 7. h3 a5 8. Bd3 Na6 9. a3 dxc4 10. Qxc4 Be6 11. Qc1 c5 12. O-O cxd4 13. Nxd4 Bd5 14. Nc3 Nc5 15. Bc2 Bc4 16. Rd1 Qb6 17. Be5 a4 18. Nxa4 Nxa4 19. Bxa4 Rxa4 20. b3 Bxb3 21. Qb2 Rxd4 22. Bxd4 Qe6 23. Rdc1 Bd5 24. Rc7 Bh6 25. Re1 Bc6 26. Bxf6 exf6 27. Qb4 Re8 28. Qd4 Bf8 29. Rd1 Be7 30. a4 Rd8 31. Qxd8+ Bxd8 32. Rxd8+ Kg7 33. Rd4 f5 34. a5 Qa2 35.
Rc8 Qxa5 36. Rdd8 Qe1+ 37. Kh2 Qxf2 0-1

[Event "*** Titled Tuesday Blitz"]
[Site "Chess.com"]
[Date "2019.07.02"]
[Round "3"]
[White "pheonixking2000"]
[Black "VladDobrov"]
[Result "0-1"]
[WhiteElo "2680"]
[BlackElo "2844"]
[TimeControl "180+2"]
[EndTime "13:39:28 PDT"]
[Termination "VladDobrov won by checkmate"]

1. d4 Nf6 2. c4 c5 3. d5 e6 4. Nc3 exd5 5. cxd5 Bd6 6. e4 O-O 7. Bd3 Re8 8. Nf3 Bc7 9. O-O d6 10. Bg5 a6 11. e5 dxe5 12. Ne4 Nbd7 13. d6 Ba5 14.
Qc2 h6 15. Bh4 b6 16. Rfd1 Bb7 17. Nxf6+ Nxf6 18. d7 Re7 19. Bxf6 gxf6 20. Bf5 Qc7 21. a3 b5 22. Qe2 Rd8 23. Nh4 e4 24. Qh5 Qf4 25. Bg4 e3 26. fxe3 Qxe3+ 27. Kh1 Re5 28. Nf5 Bxg2+ 29. Kxg2 Qe4+ 30. Kh3 Rxf5 31. Qxf5 Qe3+ 32.
Qf3 Qe5 33. Bf5 Bc7 34. Re1 Qxh2+ 35. Kg4 h5# 0-1

[Event "*** Titled Tuesday Blitz"]
[Site "Chess.com"]
[Date "2019.07.02"]
[Round "3"]
[White "novocane"]
[Black "Karina_Ivanova"]
[Result "1/2-1/2"]
[WhiteElo "2246"]
[BlackElo "2182"]
[TimeControl "180+2"]
[EndTime "13:39:29 PDT"]
[Termination "Game drawn by repetition"]

1. d4 Nf6 2. c4 e6 3. Nc3 Bb4 4. e3 c5 5. Ne2 cxd4 6. exd4 d5 7. a3 Be7 8. b3 O-O 9. Ng3 b6 10. Be2 Bb7 11. O-O Nbd7 12. Be3 Rc8 13. Qd2 dxc4 14. bxc4 Ba6 15. Nb5 Bxb5 16. cxb5 Nd5 17. a4 N7f6 18.
Bf3 Qd7 19. Rfc1 Rxc1+ 20. Rxc1 Rc8 21. h3 h6 22. Ne4 Nxe4 23. Bxe4 Bb4 24. Qd1 Nxe3 25.
fxe3 Rxc1 26. Qxc1 g6 27. Qc6 Qxc6 28. bxc6 Bd6 29.
Bd3 f5 30. g4 Kf7 31. Kf2 Ke7 32. Kf3 Kd8 33. gxf5 gxf5 34. e4 fxe4+ 35. Bxe4 Kc7 36. Ke3 a6 37. Kd3 b5 38. axb5 axb5 39. d5 exd5 40. Bxd5 Kb6 41. Bf3 Kc5 42. Kc3 Be5+ 43. Kb3 Bd6 44. Be4 Be5 45. Bf3 Bd6 46. Be4 Be5 47. Bf3 1/2-1/2

[Event "*** Titled Tuesday Blitz"]
[Site "Chess.com"]
[Date "2019.07.02"]
[Round "3"]
[White "VovenRogel"]
[Black "Oleksandr_Bortnyk"]
[Result "0-1"]
[WhiteElo "2680"]
[BlackElo "2942"]
[TimeControl "180+2"]
[EndTime "13:39:30 PDT"]
[Termination "Oleksandr_Bortnyk won by resignation"]

1. d4 Nf6 2. c4 b6 3. Nf3 Bb7 4. g3 g6 5. Bg2 Bg7 6. O-O O-O 7. Nc3 Ne4 8. Bd2 Re8 9. Qc2 Nxd2 10. Qxd2 d6 11. e4 e5 12. d5 Nd7 13. h4 Nf6 14.
Ne1 Bc8 15. Nd3 a5 16. b3 Bd7 17. Rae1 Qc8 18. f3 Nh5 19. Kh2 h6 20. Nf2 f5 21. Bh3 f4 22. Bxd7 fxg3+ 23. Kg2 Qxd7 24. Nd3 Rf8 25. Ne2 a4 26. b4 b5 27. c5 Qe7 28. Rh1 Nf4+ 29. Nexf4 exf4 30. h5 g5 31. e5 dxe5 32. Qc2 Rad8 33. Nxe5 Bxe5 34. Qg6+ Qg7 35. Rxe5 Qxg6 36. hxg6 Kg7 37. c6 Kxg6 38. Rc1 Rf5 39. Re6+ Rf6 40. Re7 Rxd5 41. Rc2 Rfd6 0-1

[Event "*** Titled Tuesday Blitz"]
[Site "Chess.com"]
[Date "2019.07.02"]
[Round "3"]
[White "deBaller"]
[Black "AdrianaNikolova"]
[Result "0-1"]
[WhiteElo "2377"]
[BlackElo "2480"]
[TimeControl "180+2"]
[EndTime "13:39:30 PDT"]
[Termination "AdrianaNikolova won by checkmate"]

1. e4 c6 2. d4 d5 3. exd5 cxd5 4. Bd3 Nf6 5. c3 g6 6. Bf4 Bg7 7. Nf3 O-O 8. O-O Ne4 9. Nbd2 Bf5 10. Nh4 Nxd2 11.
Qxd2 Bxd3 12. Qxd3 e5 13. Bg3 Bf6 14. dxe5 Bxh4 15.
Bxh4 Qxh4 16. Qxd5 Nc6 17. e6 Rad8 18. exf7+ Rxf7 19. Qb3 b6 20. g3 Qf6 21. Rad1 Rxd1 22. Qxd1 Kg7 23. Qd5 Ne5 24. Kg2 Rd7 25. Qe4 Re7 26. Re1 Nc6 27. Qb1 Rxe1 28. Qxe1 Qe5 29. Qd2 Qe4+ 30. f3 Qe6 31. h4 Ne5 32. Qd4 Kf7 33.
g4 Nc4 34. b3 Qe2+ 35. Kg3 Qe5+ 36. Qxe5 Nxe5 37. a4 Ke6 38. Kf4 Nd3+ 39. Ke4 Nc5+ 40. Kd4 Nxb3+ 41. Kc4 Nd2+ 42. Kb5 Nxf3 43. Ka6 Kd6 44.
Kxa7 Kc5 45. h5 g5 46. Kb7 Ne5 47. Kc7 Nxg4 48. Kd7 Nf6+ 49. Ke6 Nxh5 50. Kf5 h6 51. Kg6 g4 52. Kxh5 g3 53. a5 bxa5 54. c4 g2 55. Kg6 g1=Q+ 56. Kh7 a4 57. Kh8 h5 58. Kh7 a3 59. Kh8 h4 60. Kh7 a2 61.
Kh6 h3 62. Kh7 a1=Q 63. Kh6 h2 64. Kh7 Kxc4 65. Kh6 Kd5 66. Kh7 Ke6 67. Kh6 Kf6 68. Kh7 Qe5 69. Kh6 Qg4 70. Kh7 Qeg5 71. Kh8 h1=Q# 0-1

[Event "*** Titled Tuesday Blitz"]
[Site "Chess.com"]
[Date "2019.07.02"]
[Round "3"]
[White "wnstop"]
[Black "stoleriu"]
[Result "1-0"]
[WhiteElo "2666"]
[BlackElo "2533"]
[TimeControl "180+2"]
[EndTime "13:39:31 PDT"]
[Termination "wnstop won by resignation"]

1. d4 e6 2. Nf3 Nf6 3. Bf4 b6 4. Nbd2 Bb7 5. e3 d6 6. Bd3 Nbd7 7. h3 Qe7 8. c3 e5 9. Bg5 e4 10. Bxf6 Nxf6 11. Qa4+ Qd7 12. Qxd7+ Kxd7 13. Bb5+ c6 14. Be2 exf3 15. Nxf3 Kc7 16. Ng5 h6 17. Nxf7 Rg8 18.
Bc4 Nd5 19. e4 Re8 20. e5 Re7 21. Nxd6 g5 22. O-O Re6 23. Ne4 Bg7 24. Ng3 Rf8 25. Nh5 Bh8 26. f4 gxf4 27. Bxd5 cxd5 28. Nxf4 Rxf4 29.
Rxf4 Re8 30. Rf7+ Kb8 31. Raf1 Bc8 32. Rh7 Be6 33. Rxh6 Bg7 34. Rg6 Bh8 35. Rf4 b5 36.
Rh6 Bg7 37. Rh7 Rg8 38. g4 Bf8 39. Rf6 Bc8 40. Rhf7 Bg7 41. Rg6 Rf8 42. Rgxg7 1-0

[Event "*** Titled Tuesday Blitz"]
[Site "Chess.com"]
[Date "2019.07.02"]
[Round "3"]
[White "GuerrieroFromLevant"]
[Black "ChesterF"]
[Result "0-1"]
[WhiteElo "2226"]
[BlackElo "2365"]
[TimeControl "180+2"]
[EndTime "13:39:32 PDT"]
[Termination "ChesterF won by resignation"]

1. e4 e5 2. Nf3 Nc6 3. Bc4 Bc5 4.
O-O Nf6 5. d3 a6 6. c3 Ba7 7. a4 d6 8. Na3 O-O 9. Nc2 h6 10. Be3 Bb8 11. h3 Ne7 12. Qe2 Ng6 13.
b4 c6 14. b5 d5 15. exd5 cxd5 16. Bb3 e4 17. dxe4 dxe4 18. Nfd4 Qc7 19. g3 Bxh3 20. Rfc1 Bg4 21. Qf1 Nh5 22. Nb4 Nh4 23. Nd5 Qe5 24. Bf4 Nxf4 25. Nxf4 Nf3+ 26. Nxf3 Bxf3 27. Bd1 Qg5 28. Nh3 Qg4 29. Bxf3 exf3 30. Kh2 h5 31. Ng1 axb5 32. axb5 Rxa1 33. Rxa1 h4 34. Qh3 hxg3+ 35. fxg3 Qe4 36. Qf1 Qc2+ 37. Kh3 Qh7+ 38. Kg4 Qg6+ 39. Kxf3 Qxg3+ 40. Ke2 Re8+ 41. Kd2 Rc8 42. Qd3 Bf4+ 43.
Kc2 Qf2+ 44. Ne2 Re8 45. Rb1 Qxe2+ 46. Kb3 0-1

[Event "*** Titled Tuesday Blitz"]
[Site "Chess.com"]
[Date "2019.07.02"]
[Round "3"]
[White "Perecke"]
[Black "zurzan"]
[Result "1-0"]
[WhiteElo "2047"]
[BlackElo "1925"]
[TimeControl "180+2"]
[EndTime "13:39:33 PDT"]
[Termination "Perecke won by checkmate"]

1. e4 d6 2. d4 Nf6 3. Nc3 Nbd7 4. Nf3 e5 5. Bc4 Be7 6. O-O h6 7. h3 c6 8. a4 a5 9. Re1 Qc7 10. Be3 g5 11. Nh2 Nf8 12. Qf3 Rh7 13. Ng4 Nxg4 14. hxg4 Be6 15. d5 Bd7 16. dxc6 bxc6 17. Rad1 Ne6 18. Bb3 O-O-O 19. Qe2 Qb7 20. Bc4 Kb8 21. Rb1 Nd4 22. Bxd4 exd4 23. Na2 Be6 24. b4 Qa7 25.
bxa5+ Ka8 26. Bxe6 fxe6 27. Qc4 Rc8 28. Nb4 d5 29. exd5 exd5 30. Nxd5 Bd6 31. Nb6+ Kb8 32. Nxc8+ Kxc8 33. Qxc6+ Qc7 34. Re8# 1-0

[Event "*** Titled Tuesday Blitz"]
[Site "Chess.com"]
[Date "2019.07.02"]
[Round "3"]
[White "Hikaru"]
[Black "GMHess"]
[Result "1-0"]
[WhiteElo "3152"]
[BlackElo "2749"]
[TimeControl "180+2"]
[EndTime "13:39:34 PDT"]
[Termination "Hikaru won by resignation"]

1. Nf3 Nf6 2. b3 e6 3. Bb2 Be7 4. e3 O-O 5. c4 d5 6. Qc2 c5 7. cxd5 Nxd5 8. Nc3 Nb4 9. Qb1 N8c6 10. h4 f5 11. a3 Nd5 12. Qc2 Na5 13. Nxd5 Qxd5 14. Rb1 Qxb3 15. Qxb3 Nxb3 16. Bc3 c4 17. Bxc4 Nc5 18.
Nd4 f4 19. Bb4 Rf6 20. Nb3 b6 21. d4 a5 22. Nxa5 bxa5 23. Bxc5 Bxc5 24. dxc5 fxe3 25.
fxe3 Rf5 26. Rb5 Ra7 27. c6 Rxb5 28. Bxb5 Kf8 29. Kd2 Ke7 30. Kc3 Kd6 31. Rd1+ Kc5 32. a4 e5 33. Rc1 Rc7 34. Kd3+ Kd5 35. Rf1 e4+ 36. Kc3 Bg4 37. Rf8 Ke5 38. Kc4 Kd6 39.
Rd8+ Ke7 40. Rd4 1-0

[Event "*** Titled Tuesday Blitz"]
[Site "Chess.com"]
[Date "2019.07.02"]
[Round "3"]
[White "Azatnew"]
[Black "WarlordX"]
[Result "0-1"]
[WhiteElo "2579"]
[BlackElo "2388"]
[TimeControl "180+2"]
[EndTime "13:39:34 PDT"]
[Termination "WarlordX won by resignation"]

1. Nf3 d5 2. g3 Nf6 3. Bg2 g6 4. O-O Bg7 5. d4 O-O 6. c4 c6 7. Nc3 Nbd7 8. b3 Re8 9. Bb2 Nb6 10. cxd5 cxd5 11. Rc1 Bf5 12. Ba3 Rc8 13. Qd2 Ne4 14.
Qe3 h6 15. Nh4 Nxc3 16. Rxc3 Rxc3 17. Qxc3 Bd7 18. Nf3 Bf5 19. Rc1 Nd7 20. Qc7 Bf6 21. Qxd8 Rxd8 22. Rc7 Bb1 23. Nd2 Bf5 24. e3 e5 25. Bxd5 exd4 26. exd4 Bxd4 27. Nc4 Ne5 28. Nd6 Rd7 29. Rxd7 Bxd7 30. Bxb7 Ng4 31. Ne4 Bf5 32. Kg2 Kg7 33. Bc5 Bxe4+ 34. Bxe4 Bxc5 35. f3 Ne3+ 36. Kf2 Nd1+ 37. Ke1 Nc3 38. Bc6 Nxa2 39. Kd2 Nb4 40.
Bd7 a5 41. h3 Nd5 42. g4 Nf4 43.
Kc3 Nxh3 44. Kc4 Bb4 45. Kd3 g5 46. Ke4 Kf6 47. Be8 Nf4 48. Bb5 Ng6 49. Bc6 Ne5 50. Bb5 Ng6 51. Bc6 Nf8 52. Bb5 Ne6 53. Bc4 Nc5+ 54. Ke3 Kg6 55. Bd5 f5 56. Kf2 Kf6 57. Bc4 Ke5 58. Bf7 Kf4 0-1

[Event "*** Titled Tuesday Blitz"]
[Site "Chess.com"]
[Date "2019.07.02"]
[Round "3"]
[White "ENEASZ"]
[Black "diskeleven"]
[Result "0-1"]
[WhiteElo "2494"]
[BlackElo "2387"]
[TimeControl "180+2"]
[EndTime "13:39:34 PDT"]
[Termination "diskeleven won by resignation"]

1. e4 c5 2. c3 e6 3. d4 d5 4.
exd5 exd5 5. Nf3 a6 6. Bd3 c4 7. Bc2 Bd6 8. O-O Ne7 9. Nbd2 O-O 10. Re1 Nbc6 11. Nf1 Bf5 12. Ng3 Bxc2 13. Qxc2 Qd7 14. Ng5 g6 15. Bd2 b5 16. Re2 a5 17. Rae1 b4 18.
Bc1 a4 19. Nh5 f6 20. Ne6 Rf7 21. Nhf4 a3 22. bxa3 bxc3 23. Nxg6 hxg6 24. Qxc3 Nf5 25. g4 Nh4 26. f4 Re7 27. Qh3 Rae8 28. f5 g5 29. Qf1 Nxd4 30. Nxd4 Bc5 31. Bb2 Re4 32. Qf2 Qa7 33. Rxe4 Rxe4 34. Rxe4 dxe4 35. Kh1 Nf3 36. Qe2 Bxd4 37. Qxe4 Bxb2 38. Qe8+ Kg7 39. Qg6+ Kf8 40.
Qxf6+ Bxf6 0-1